PCL
ALBUQUERQUE ISOTOPES @ EL PASO CHIHUAHUAS
07/29/2099
 
TOP OF THE 1ST
Albuquerque Isotopes batting - Pitching for El Paso Chihuahuas : RHP Pablo Romero
Pitching: RHP Pablo Romero
Batting: RHB Javy Sanchez 0-0: Ball
1-0: Foul Ball, location: 5F
1-1: Foul Ball, location: 2F
1-2: Ground out 5-3 (Groundball, 5, EV 104.4 MPH)
Batting: RHB Hugo Sanchez 0-0: Ball
1-0: Called Strike
1-1: Foul Ball, location: 3SF
1-2: Ball
2-2: Ball
3-2: TRIPLE (Groundball, 3L, EV 94.4 MPH)
Batting: LHB Gerardo de Leon 0-0: Ball
1-0: Called Strike
1-1: Reached on error, E4 (Groundball, 34, EV 103.1 MPH)
Batting: RHB T.J. Krakowski 0-0: Swinging Strike
0-1: Called Strike
Gerardo de Leon is caught stealing 2nd base 2-4
0-2: Ball
1-2: Strikes out looking
Top of the 1st over - 0 runs, 1 hit, 1 error, 1 left on base; Albuquerque 0 - El Paso 0
BOTTOM OF THE 1ST
El Paso Chihuahuas batting - Pitching for Albuquerque Isotopes : RHP Kyle Barr
Pitching: RHP Kyle Barr
Batting: LHB Michael Jensen 0-0: Called Strike
0-1: Foul Ball, location: 5FF
0-2: Strikes out looking
Batting: RHB Chris Ell 0-0: Ground out 5-3 (Groundball, 56, EV 80.0 MPH)
Batting: RHB Edgar Pirir 0-0: Called Strike
0-1: Foul Ball, location: 2F
0-2: Ball
1-2: Foul Ball, location: 9LDF
1-2: Fly out, F8 (Flyball, 78M, EV 92.5 MPH)
Bottom of the 1st over - 0 runs, 0 hits, 0 errors, 0 left on base; Albuquerque 0 - El Paso 0
TOP OF THE 2ND
Albuquerque Isotopes batting - Pitching for El Paso Chihuahuas : RHP Pablo Romero
Batting: RHB Hector Gonzales 0-0: Ball
1-0: Ball
2-0: Fly out, F8 (Line Drive, 8LD, EV 102.5 MPH)
Batting: LHB Roberto Velasco 0-0: Swinging Strike
0-1: Fly out, F6 (Line Drive, 6, EV 64.4 MPH)
Batting: RHB Josh Peterson 0-0: Ball
1-0: Ball
2-0: Ball
3-0: Called Strike
3-1: Foul Ball, location: 9LMF
3-2: Strikes out swinging
Top of the 2nd over - 0 runs, 0 hits, 0 errors, 0 left on base; Albuquerque 0 - El Paso 0
BOTTOM OF THE 2ND
El Paso Chihuahuas batting - Pitching for Albuquerque Isotopes : RHP Kyle Barr
Batting: RHB Jeremy Hammonds 0-0: Called Strike
0-1: Ball
1-1: Ball
2-1: Foul Ball, location: 2F
2-2: Foul Ball, location: 23F
2-2: Foul Ball, location: 2LF
2-2: Foul Ball, location: 25F
2-2: Foul Ball, location: 9LSF
2-2: Strikes out swinging
Batting: LHB Victor Carrillo 0-0: Ball
1-0: Called Strike
1-1: Ball
2-1: Ground out 5-3 (Groundball, 5, EV 80.6 MPH)
Batting: RHB Andy Burke 0-0: Called Strike
0-1: Swinging Strike
0-2: Strikes out looking
Bottom of the 2nd over - 0 runs, 0 hits, 0 errors, 0 left on base; Albuquerque 0 - El Paso 0
TOP OF THE 3RD
Albuquerque Isotopes batting - Pitching for El Paso Chihuahuas : RHP Pablo Romero
Batting: SHB Mike Schirmer 0-0: Called Strike
0-1: Ball
1-1: Ground out 4-3 (Groundball, 34D, EV 96.9 MPH)
Batting: SHB Jorge Carrea 0-0: Ball
1-0: Fly out, F8 (Line Drive, 8LM, EV 94.4 MPH)
Batting: RHB Javy Sanchez 0-0: Ball
1-0: Ball
2-0: Ball
3-0: Base on Balls
Batting: RHB Hugo Sanchez 0-0: Foul Ball, location: 3DF
0-1: Swinging Strike
0-2: Ball
1-2: Strikes out swinging
Top of the 3rd over - 0 runs, 0 hits, 0 errors, 1 left on base; Albuquerque 0 - El Paso 0
BOTTOM OF THE 3RD
El Paso Chihuahuas batting - Pitching for Albuquerque Isotopes : RHP Kyle Barr
Batting: LHB Francisco Madrigal 0-0: Called Strike
0-1: Ball
1-1: Ball
2-1: SINGLE (Flyball, 9LS, EV 94.4 MPH)
Batting: LHB Wulf Hoogesteger 0-0: Swinging Strike
0-1: SINGLE (Groundball, 6MD, EV 95.0 MPH)
Francisco Madrigal to second
Batting: RHB Jim Unknown 0-0: Ball
1-0: Called Strike
1-1: Swinging Strike
1-2: Ball
2-2: Foul Ball, location: 5DF
2-2: Strikes out swinging
Batting: LHB Michael Jensen 0-0: Foul Ball, location: 2F
0-1: Ball
1-1: Ball
2-1: Foul Ball, location: 2F
2-2: Fielders Choice at 2nd, 6-4 (Groundball, 6, EV 87.5 MPH)
Francisco Madrigal to third
Batting: RHB Chris Ell 0-0: Called Strike
0-1: Ball
1-1: Ground out 1-3 (Groundball, 15, EV 66.3 MPH)
Bottom of the 3rd over - 0 runs, 2 hits, 0 errors, 2 left on base; Albuquerque 0 - El Paso 0
TOP OF THE 4TH
Albuquerque Isotopes batting - Pitching for El Paso Chihuahuas : RHP Pablo Romero
Batting: LHB Gerardo de Leon 0-0: Ball
1-0: Swinging Strike
1-1: Foul Ball, location: 23F
1-2: Strikes out swinging
Batting: RHB T.J. Krakowski 0-0: Called Strike
0-1: Swinging Strike
0-2: Foul Ball, location: 2F
0-2: Ball
1-2: Fly out, F4 (Popup, 4S, EV 83.1 MPH)
Batting: RHB Hector Gonzales 0-0: Called Strike
0-1: SINGLE (Line Drive, 56D, EV 100.6 MPH)
Batting: LHB Roberto Velasco 0-0: Called Strike
0-1: Swinging Strike
0-2: Strikes out swinging
Top of the 4th over - 0 runs, 1 hit, 0 errors, 1 left on base; Albuquerque 0 - El Paso 0
BOTTOM OF THE 4TH
El Paso Chihuahuas batting - Pitching for Albuquerque Isotopes : RHP Kyle Barr
Batting: RHB Edgar Pirir 0-0: Fly out, F9 (Flyball, 89M, EV 94.4 MPH)
Batting: RHB Jeremy Hammonds 0-0: Ball
1-0: Called Strike
1-1: Ground out 1-3 (Groundball, 13S, EV 62.5 MPH)
Batting: LHB Victor Carrillo 0-0: Ball
1-0: Ball
2-0: Ball
3-0: Called Strike
3-1: Base on Balls
Batting: RHB Andy Burke 0-0: Called Strike
0-1: Ball
1-1: SINGLE (Line Drive, 5D, EV 96.3 MPH)
Victor Carrillo to second
Batting: LHB Francisco Madrigal 0-0: Fly out, F8 (Flyball, 8LXD, EV 112.5 MPH)
Bottom of the 4th over - 0 runs, 1 hit, 0 errors, 2 left on base; Albuquerque 0 - El Paso 0
TOP OF THE 5TH
Albuquerque Isotopes batting - Pitching for El Paso Chihuahuas : RHP Pablo Romero
Batting: RHB Josh Peterson 0-0: Called Strike
0-1: Ball
1-1: Ball
2-1: Fly out, F7 (Flyball, 78D, EV 95.6 MPH)
Pitching: LHP Andy Anderson
Batting: SHB Mike Schirmer 0-0: Ball
1-0: Ground out 6-3 (Groundball, 56, EV 106.9 MPH)
Batting: SHB Jorge Carrea 0-0: Ground out U3 (Groundball, 34, EV 84.4 MPH)
Top of the 5th over - 0 runs, 0 hits, 0 errors, 0 left on base; Albuquerque 0 - El Paso 0
BOTTOM OF THE 5TH
El Paso Chihuahuas batting - Pitching for Albuquerque Isotopes : RHP Kyle Barr
Batting: LHB Wulf Hoogesteger 0-0: Called Strike
0-1: Ball
1-1: Fly out, F5 (Popup, 5F, EV 68.1 MPH)
Batting: RHB Jim Unknown 0-0: Foul Ball, location: 2F
0-1: Ball
1-1: Swinging Strike
1-2: Foul Ball, location: 2F
1-2: Ball
2-2: Foul Ball, location: 2F
2-2: Ball
3-2: Foul Ball, location: 2F
3-2: Strikes out swinging
Batting: LHB Michael Jensen 0-0: Ball
1-0: Fly out, F6 (Line Drive, 6, EV 68.1 MPH)
Bottom of the 5th over - 0 runs, 0 hits, 0 errors, 0 left on base; Albuquerque 0 - El Paso 0
TOP OF THE 6TH
Albuquerque Isotopes batting - Pitching for El Paso Chihuahuas : LHP Andy Anderson
Batting: RHB Javy Sanchez 0-0: Ball
1-0: Foul Ball, location: 5FF
1-1: Ball
2-1: Ball
3-1: SINGLE (Line Drive, 6MD, EV 96.3 MPH)
Batting: RHB Hugo Sanchez 0-0: Called Strike
0-1: Ground out 6-3 (Groundball, 6D, EV 101.3 MPH)
Javy Sanchez to second
Pinch Hitting: RHB Joey Lowery 0-0: Ball
1-0: Ball
2-0: Ball
3-0: Called Strike
3-1: Called Strike
3-2: 2-RUN HOME RUN (Flyball, 8RXD, EV 106.9 MPH), Distance : 453 ft
Batting: RHB T.J. Krakowski 0-0: Ball
1-0: Ball
2-0: Foul Ball, location: 2F
2-1: Foul Ball, location: 3SF
2-2: Strikes out swinging
Batting: RHB Hector Gonzales 0-0: Foul Ball, location: 2F
0-1: Ball
1-1: DOUBLE (Line Drive, 9LM, EV 95.6 MPH)
Batting: LHB Roberto Velasco 0-0: Called Strike
0-1: Ball
1-1: Ground out 6-3 (Groundball, 6, EV 84.4 MPH)
Top of the 6th over - 2 runs, 3 hits, 0 errors, 1 left on base; Albuquerque 2 - El Paso 0
BOTTOM OF THE 6TH
El Paso Chihuahuas batting - Pitching for Albuquerque Isotopes : RHP Kyle Barr
Now in LF: Chris Church
Batting: RHB Chris Ell 0-0: Foul Ball, location: 3DF
0-1: Ground out 1-3 (Groundball, 13S, EV 70.0 MPH)
Batting: RHB Edgar Pirir 0-0: Ball
1-0: Called Strike
1-1: Ball
2-1: Swinging Strike
2-2: Strikes out swinging
Batting: RHB Jeremy Hammonds 0-0: Ball
1-0: Fly out, F7 (Flyball, 7, EV 91.9 MPH)
Bottom of the 6th over - 0 runs, 0 hits, 0 errors, 0 left on base; Albuquerque 2 - El Paso 0
TOP OF THE 7TH
Albuquerque Isotopes batting - Pitching for El Paso Chihuahuas : LHP Andy Anderson
Batting: RHB Josh Peterson 0-0: Called Strike
0-1: Swinging Strike
0-2: Ball
1-2: Strikes out swinging
Batting: SHB Mike Schirmer 0-0: Foul Ball, location: 9LSF
0-1: Foul Ball, location: 2F
0-2: Ball
1-2: Ball
2-2: Ball
3-2: Strikes out swinging
Batting: SHB Jorge Carrea 0-0: Ground out U3 (Groundball, 34S, EV 87.5 MPH)
Top of the 7th over - 0 runs, 0 hits, 0 errors, 0 left on base; Albuquerque 2 - El Paso 0
BOTTOM OF THE 7TH
El Paso Chihuahuas batting - Pitching for Albuquerque Isotopes : RHP Kyle Barr
Batting: LHB Victor Carrillo 0-0: Ball
1-0: Fly out, F8 (Flyball, 8LM, EV 91.3 MPH)
Pinch Hitting: LHB Takechi Nozawa 0-0: Foul Ball, location: 2F
0-1: Foul Ball, location: 3F
0-2: SOLO HOME RUN (Flyball, 9LD, EV 96.9 MPH), Distance : 338 ft
Pitching: LHP Allen Oliver
Batting: LHB Francisco Madrigal 0-0: Ball
1-0: Ball
2-0: Called Strike
2-1: Called Strike
2-2: Strikes out swinging
Pinch Hitting: RHB Alex Razo 0-0: Fly out, F7 (Flyball, 7, EV 86.9 MPH)
Bottom of the 7th over - 1 run, 1 hit, 0 errors, 0 left on base; Albuquerque 2 - El Paso 1
TOP OF THE 8TH
Albuquerque Isotopes batting - Pitching for El Paso Chihuahuas : LHP Andy Anderson
Now at 1B: Alex Razo
Now at 2B: Jeremy Hammonds
Now at SS: Takechi Nozawa
Batting: RHB Javy Sanchez 0-0: Ground out 5-3 (Groundball, 56S, EV 86.3 MPH)
Batting: RHB Hugo Sanchez 0-0: Ball
1-0: Ball
2-0: Called Strike
2-1: Swinging Strike
2-2: Foul Ball, location: 3F
2-2: Foul Ball, location: 2F
2-2: Fly out, F9 (Flyball, 9LM, EV 83.1 MPH)
Batting: RHB Chris Church 0-0: Called Strike
0-1: Swinging Strike
0-2: Strikes out looking
Top of the 8th over - 0 runs, 0 hits, 0 errors, 0 left on base; Albuquerque 2 - El Paso 1
BOTTOM OF THE 8TH
El Paso Chihuahuas batting - Pitching for Albuquerque Isotopes : LHP Allen Oliver
Batting: RHB Jim Unknown 0-0: Ball
1-0: Called Strike
1-1: Ball
2-1: Foul Ball, location: 23FF
2-2: Ball
3-2: Ground out 6-3 (Groundball, 6S, EV 85.0 MPH)
Batting: SHB Oscar Torres 0-0: Fly out, F4 (Popup, 4D, EV 43.8 MPH)
Pinch Hitting: RHB Pat Holland 0-0: Ball
1-0: Ball
2-0: Hit by Pitch
Batting: RHB Edgar Pirir 0-0: Ball
1-0: Foul Ball, location: 2F
1-1: Ball
2-1: Ball
3-1: Foul Ball, location: 2F
3-2: Base on Balls
Pat Holland to second
Batting: RHB Jeremy Hammonds 0-0: Called Strike
0-1: Ball
1-1: Called Strike
1-2: Strikes out swinging
Bottom of the 8th over - 0 runs, 0 hits, 0 errors, 2 left on base; Albuquerque 2 - El Paso 1
TOP OF THE 9TH
Albuquerque Isotopes batting - Pitching for El Paso Chihuahuas : LHP Andy Anderson
Now in LF: Pat Holland
Now in CF: Victor Carrillo
Batting: RHB T.J. Krakowski 0-0: Foul Ball, location: 9LMF
0-1: Foul Ball, location: 3FF
0-2: Strikes out swinging
Batting: RHB Hector Gonzales 0-0: Ball
1-0: Called Strike
1-1: Ball
2-1: Foul Ball, location: 2F
2-2: Ball
3-2: Fly out, F8 (Line Drive, 89S, EV 98.1 MPH)
Batting: LHB Roberto Velasco 0-0: Fly out, F8 (Flyball, 8LD, EV 101.3 MPH)
Top of the 9th over - 0 runs, 0 hits, 0 errors, 0 left on base; Albuquerque 2 - El Paso 1
BOTTOM OF THE 9TH
El Paso Chihuahuas batting - Pitching for Albuquerque Isotopes : LHP Allen Oliver
Batting: LHB Victor Carrillo 0-0: Ball
1-0: Swinging Strike
1-1: Swinging Strike
1-2: SINGLE (Groundball, 4MD, EV 104.4 MPH)
Pinch Hitting: RHB Mike Bradberry 0-0: Ball
1-0: Ball
2-0: Foul Ball, location: 25F
2-1: Ball
3-1: Called Strike
3-2: Foul Ball, location: 2F
3-2: Base on Balls
Victor Carrillo to second
Batting: LHB Francisco Madrigal 0-0: Called Strike
0-1: Ball
1-1: Foul Ball, location: 2F
1-2: Ball
2-2: Ball
3-2: Grounds into double play, 4-6-3 (Groundball, 4, EV 79.4 MPH)
Victor Carrillo to third
Batting: RHB Alex Razo 0-0: Ball
1-0: Called Strike
1-1: Swinging Strike
1-2: Strikes out swinging
Bottom of the 9th over - 0 runs, 1 hit, 0 errors, 1 left on base; Albuquerque 2 - El Paso 1
Monday, May 13th , 2024 - OOTP Baseball 24.11 Build 85